[Event "43rd Indian-chT 2023-24"]
[Site "Dharamsala"]
[Date "2024.04.03"]
[Round "8.8"]
[White "Gusain, Himal"]
[Black "Gaikwad, Manas"]
[Result "1-0"]
[ECO "E63"]
[WhiteElo "2484"]
[BlackElo "1918"]
[Annotator "TA"]
[PlyCount "119"]
[EventDate "2024.03.28"]
[EventType "team-tourn"]
[EventCountry "IND"]
[SourceTitle "playchess.com"]
[Source "ChessBase"]
[SourceQuality "1"]
[TimeControl "5400+30"]

1. d4 Nf6 2. c4 g6 3. Nf3 Bg7 4. g3 O-O 5. Bg2 d6 6. O-O Nc6 7. Nc3 a6 8. b3 Rb8 9. d5 Na5 (9... Nxd5 10. cxd5 Bxc3 11. Bh6) 10. Bg5 c5 11. dxc6 $1 bxc6 {[%emt 0:11:51] White is slightly better.} 12. Rc1 h6 13. Be3 c5 14. h3 g5 (14... Nc6 $11) 15. Bd2 e5 16. Qe1 Nc6 $2 {[%emt 0:04:41] [#] This costs Black the game.} (16... Bd7 $14) 17. Nxg5 $1 $18 hxg5 (17... Ne7 18. Nf3) 18. Bxc6 Bxh3 {[%emt 0:00:05] [#]} 19. Bg2 Bxg2 20. Kxg2 Nh7 21. e4 Qd7 22. Qe2 f5 23. exf5 Rxf5 (23... Qxf5 $142 24. Ne4 Nf6 25. Nxg5 (25. Nxd6 Qd7 $11) 25... Bh6) 24. g4 Rf7 25. Ne4 Rbf8 (25... Nf6 {was necessary.} 26. Bxg5 (26. Nxg5 Re7 $18) 26... Nxe4 27. Qxe4 a5) 26. f3 (26. Nxg5 Nxg5 27. Bxg5 Rf3 $11) 26... a5 27. Rcd1 (27. Nxg5 Nxg5 28. Bxg5 Qe6 $16) (27. Bxa5 Ra8 $18) 27... Qe7 (27... Nf6 {keeps fighting.} 28. Bxg5 (28. Bxa5 Nxe4 29. Qxe4 Qa7 $16) (28. Nxg5 Re7 $18) 28... Nxe4 29. Qxe4 a4) 28. Bxa5 Ra8 29. Bc3 Ra6 30. Qd2 Nf8 31. Qxg5 (31. Nxd6 $142 e4 32. Nxe4 (32. Nxf7 Bxc3 33. Qxc3 Kxf7 $18)) 31... Qxg5 32. Nxg5 Rxa2+ 33. Rf2 Rxf2+ 34. Kxf2 Rb7 35. Rxd6 Rxb3 36. Bd2 Rb2 37. Ke2 Rb7 38. Kd3 Nd7 39. Ke4 Bf8 40. Rg6+ Kh8 41. Bc3 Rb3 42. Bxe5+ Nxe5 43. Kxe5 {[%emt 0:00:07][%mdl 4096] Endgame. KRB-KRN} Rc3 44. Kd5 {[%emt 0:01:45] Hoping for f4.} Rd3+ 45. Ke6 {[%emt 0:01:41] Kf7 would kill now.} Bg7 46. f4 Rd4 47. f5 {[%emt 0:00:22] White mates.} Rxc4 48. f6 Bxf6 49. Kxf6 {[%emt 0:00:12] KRN-KR} (49. Nf7+ Kh7 50. Rxf6 (50. Kxf6 Rf4+ 51. Kg5 Rxg4+ 52. Kxg4 Kxg6 $11) 50... Rxg4 $16) 49... Rf4+ 50. Ke5 Ra4 51. Ne4 c4 52. Rc6 Kg7 53. g5 Rb4 54. Ng3 c3 55. Nf5+ Kg8 56. g6 Rb8 57. Rxc3 Re8+ 58. Kf6 Rf8+ 59. Kg5 Ra8 60. Rc7 {[%emt 0:00:05] Weighted Error Value: White=0.19 (very precise) /Black=0.53.  Mistake:       	White=1     	Black=5      Inaccurate:     	White=3     	Black=6      OK:         	White=15    	Black=12     Best:        	White=1     	---        Strong:       	White=1     	---        Brilliant:      	White=1     	---} 1-0

[Event "43rd Indian-chT 2023-24"]
[Site "Dharamsala"]
[Date "2024.04.04"]
[Round "9.1"]
[White "Krishna C R G"]
[Black "Sourabh, Kochar"]
[Result "1-0"]
[ECO "D30"]
[WhiteElo "2445"]
[BlackElo "1438"]
[Annotator "RC"]
[PlyCount "131"]
[EventDate "2024.03.28"]
[EventType "team-tourn"]
[EventCountry "IND"]
[SourceTitle "playchess.com"]
[Source "ChessBase"]
[SourceQuality "1"]
[TimeControl "5400+30"]

1. d4 d5 2. c4 e6 3. Nf3 c5 4. cxd5 exd5 5. g3 Nf6 6. Bg2 Nc6 7. O-O Bd7 8. Nc3 Rc8 9. dxc5 Bxc5 10. Nxd5 Nxd5 11. Qxd5 Ne7 12. Qxb7 Bc6 13. Qb3 O-O 14. Be3 Bd5 15. Qd3 f5 16. Bxc5 Rxc5 17. Rfd1 Qc7 18. Nd4 Bc4 19. Qe3 Re5 20. Qc3 Rc8 21. Rac1 Qb6 22. Qd2 Ba6 23. Rxc8+ Bxc8 24. e3 Bb7 25. Bxb7 Qxb7 26. Qc2 Kf8 27. Rc1 g6 28. Qb3 Qxb3 29. Nxb3 Nd5 30. Rc5 g5 31. f4 gxf4 32. gxf4 Rxe3 33. Rxd5 Re2 34. Rxf5+ Kg7 35. Rg5+ Kf6 36. Rg2 Re4 37. Nc5 Rc4 38. Nd3 h5 39. Kf2 h4 40. Ke3 a5 41. Rg6+ Kf5 42. Rg5+ Kf6 43. Rh5 a4 44. Rxh4 Rc2 45. Rh6+ Ke7 46. h4 a3 47. bxa3 Rxa2 48. h5 Rxa3 49. Ke4 Kf7 50. Ne5+ Kg7 51. Rg6+ Kh7 52. Ng4 Ra4+ 53. Kf3 Ra3+ 54. Kg2 Ra2+ 55. Kh3 Ra3+ 56. Kh4 Ra8 57. Nf6+ Kh8 58. h6 Rf8 59. h7 Rxf6 60. Rxf6 Kxh7 61. Kg5 Kg7 62. f5 Kh7 63. Rf7+ Kh8 64. Kg6 Kg8 65. f6 Kh8 66. Rf8# 1-0

[Event "43rd Indian-chT 2023-24"]
[Site "Dharamsala"]
[Date "2024.04.04"]
[Round "9.2"]
[White "Thanki, Hemal Karsanji"]
[Black "Aronyak Ghosh"]
[Result "0-1"]
[ECO "B51"]
[WhiteElo "2067"]
[BlackElo "2517"]
[Annotator "TA"]
[PlyCount "61"]
[EventDate "2024.03.28"]
[EventType "team-tourn"]
[EventCountry "IND"]
[SourceTitle "playchess.com"]
[Source "ChessBase"]
[SourceQuality "1"]
[TimeControl "5400+30"]

1. e4 c5 2. Nf3 d6 3. Bb5+ Nd7 4. Ba4 Ngf6 5. O-O g6 6. Re1 Bg7 7. c3 O-O 8. d4 {[%emt 0:00:02] White has an edge.} e5 9. dxe5 Nxe5 10. Nxe5 dxe5 11. Qxd8 Rxd8 12. Bg5 Be6 13. Na3 c4 {[%emt 0:00:50] Prevents Bb3.} 14. Rad1 (14. f4 {is interesting.} exf4 15. e5 Ng4 16. Bxd8 Rxd8 17. Rad1) 14... a6 15. Rxd8+ Rxd8 16. Bxf6 ({Better is} 16. Bc2 $15) 16... Bxf6 $17 17. Rd1 {[%emt 0:00:07] Prevents Rd2} b5 18. Rxd8+ Bxd8 {[%emt 0:00:03][%mdl 4096] Endgame. KBB-KBN} 19. Bd1 Bg5 {[%emt 0:02:40] And now ...Bc1 would win.} 20. Nb1 Bc1 21. b4 cxb3 22. axb3 a5 23. Kf1 f5 {[%emt 0:02:42] Black is more active.} 24. f3 $2 {[%emt 0:12:38] Loses the game.} (24. Ke2 $17) 24... fxe4 $19 25. fxe4 {[%emt 0:00:01] [#]} a4 $1 26. bxa4 Ba2 {[%emt 0:00:34] ...bxa4 would now be deadly.} 27. Bc2 $2 (27. axb5 {only move.} Bxb1 28. Kf2) 27... bxa4 28. Ke1 a3 29. Kd1 Bb2 30. Ba4 $2 (30. Nd2 $19) 30... Bxb1 31. Bb3+ {[%emt 0:00:06] Weighted Error Value: White=0.59/Black=0.03 (flawless) .  Loses game:     	White=1     	---        Mistake:       	White=3     	---        OK:         	White=6     	Black=8      Best:        	White=1     	Black=6      Brilliant:      	---       	Black=1} 0-1

[Event "43rd Indian-chT 2023-24"]
[Site "Dharamsala"]
[Date "2024.04.04"]
[Round "9.3"]
[White "Ghosh, Diptayan"]
[Black "Ram, S. Krishnan"]
[Result "1-0"]
[ECO "A11"]
[WhiteElo "2559"]
[BlackElo "2010"]
[Annotator "TA"]
[PlyCount "62"]
[EventDate "2024.03.28"]
[EventType "team-tourn"]
[EventCountry "IND"]
[SourceTitle "playchess.com"]
[Source "ChessBase"]
[SourceQuality "1"]
[TimeControl "5400+30"]

1. Nf3 d5 2. g3 Nf6 3. Bg2 Bf5 4. O-O e6 5. c4 Nbd7 6. d3 c6 7. Qb3 Nc5 8. Qc2 Be7 9. Be3 {[%emt 0:01:41] [#] aiming for cxd5. The position is equal.} Rc8 10. Nbd2 O-O 11. Rfc1 h6 12. Nb3 (12. cxd5 $14 cxd5 13. Nb3) 12... Nfd7 (12... Ncd7 $15) 13. Qd1 Bh7 14. Rab1 (14. cxd5 $14 cxd5 15. Nxc5 Bxc5 16. Qd2) 14... a5 15. cxd5 cxd5 16. Bd4 (16. Nxc5 $14 Nxc5 17. Qd2) 16... b5 (16... b6 $11) 17. Nxc5 Nxc5 (17... Bxc5 $11 18. Bxc5 Nxc5) 18. Rc2 $1 $14 {[%emt 0:01:20] Threatens to win with Rbc1.} Qd7 ({Black should try} 18... Nd7 $14) 19. Rbc1 $18 Na6 20. Ne5 Qb7 21. Nc6 {[%emt 0:00:17] And now Nxe7+ would win.} Bd8 22. e4 dxe4 23. Bxe4 (23. dxe4 $142 Nb8 24. Qg4) 23... Bxe4 $16 24. dxe4 Nb8 {[%emt 0:03:27] [#]} (24... Kh7 $16 {might work better.}) 25. Qg4 $1 $18 {[%emt 0:04:34][%csl Gd4][%cal Rg4g7] White is clearly better.} f5 26. Qg6 {[%emt 0:06:57] White is much more active.} Rxc6 27. Rxc6 Nxc6 28. Rxc6 (28. Qxe6+ Qf7 29. Rxc6 (29. Qxc6 fxe4 30. Qxe4 Bf6 $16) 29... fxe4 $16) 28... Bf6 (28... fxe4 $16 29. Rxe6 (29. Qxe4 Re8 $16) 29... e3) 29. Bxf6 (29. Rxe6 $2 Bxd4 30. Re8 Qd7 (30... Bxb2 $2 31. Qe6+ Qf7 32. Rxf8+ Kxf8 33. Qc8+ Qe8 34. Qxf5+ Bf6 35. Qc5+ Kg8 36. Qd5+ Kh8 37. f4 $19) 31. Rxf8+ Kxf8 $19) 29... Rxf6 30. Qe8+ (30. Rxe6 $2 {is the wrong capture.} Rxg6 31. Rxg6 Qxe4 $19) 30... Kh7 31. e5 ({Inferior is} 31. Rxe6 Rxe6 32. Qxe6 Qxe4 $11) 31... Qd7 $2 {[%emt 0:00:31] Weighted Error Value: White=0.22 (precise) /Black=0.33.  Mistake:       	White=4     	Black=7      Inaccurate:     	White=1     	Black=2      OK:         	White=6     	Black=8      Best:        	White=3     	---        Strong:       	White=2     	---} (31... Rf8 $18 32. Qxe6 (32. Qxf8 Qxc6 33. Qd6 Qc1+ 34. Kg2 Qc4 $17) 32... f4) 1-0

[Event "43rd Indian-chT 2023-24"]
[Site "Dharamsala"]
[Date "2024.04.04"]
[Round "9.4"]
[White "Sudhakar, Prem Dutt"]
[Black "Neelash Saha"]
[Result "0-1"]
[ECO "B13"]
[WhiteElo "1816"]
[BlackElo "2463"]
[Annotator "TA"]
[PlyCount "72"]
[EventDate "2024.03.28"]
[EventType "team-tourn"]
[EventCountry "IND"]
[SourceTitle "playchess.com"]
[Source "ChessBase"]
[SourceQuality "1"]
[TimeControl "5400+30"]

1. e4 c6 2. d4 d5 3. exd5 cxd5 4. Bd3 Nc6 5. c3 Nf6 6. Bf4 Bg4 7. Qb3 Na5 8. Qa4+ Bd7 9. Qd1 Qb6 {[%emt 0:02:50] The position is equal.} 10. Qe2 Bg4 11. f3 Bd7 12. b4 Nc6 13. Qb2 (13. a4 $11) 13... Nh5 $17 14. Bc1 e6 15. Ne2 Bd6 16. a4 Qc7 {[%emt 0:02:04][%cal Oe8g8] Black is more active.} 17. g3 e5 18. Na3 Qb6 19. Nb5 Bb8 20. a5 Qd8 21. Bd2 (21. a6 $11 {keeps the balance.} bxa6 22. Rxa6) 21... a6 22. Na3 {[%emt 0:00:28] [#]} Bh3 $1 23. Rg1 {[%emt 0:02:40] [#]} Qf6 $1 24. b5 Nxa5 (24... axb5 $19 {...0-0 is the strong threat.} 25. Bxb5 O-O (25... Rxa5 26. g4 $11) (25... Qxf3 26. a6 $15)) 25. bxa6 $15 {[%emt 0:00:34] Strongly threatening dxe5.} bxa6 (25... Qxf3 26. Bb5+ Kd8 27. Qb4 bxa6 28. Qxa5+ Bc7 29. Qa4 $18) (25... O-O $1 $15 26. axb7 Ra7 27. dxe5 (27. Nb5 Nc4 $17) 27... Bxe5 (27... Qxf3 28. Qc2 $17)) 26. c4 $2 (26. Nc2 $1 $14 {is the one way to stay ahead.} Qxf3 27. Ne3) 26... Bc7 (26... Qxf3 $17 27. Bc2 Bc7 (27... Nxc4 28. Nxc4 dxc4 29. Ra3 $16) 28. Ba4+ Kf8) 27. cxd5 O-O $1 (27... Qxf3 28. Rc1 e4 29. Bxe4 Qxe4 30. Rxc7 $11) 28. Be4 (28. Rc1 $15 Rab8 (28... Qxf3 29. Rxc7 Qxd3 30. Bxa5 $14) 29. Qc3 exd4 (29... Qxf3 $2 {loses.} 30. Bxh7+ Kxh7 31. Qxf3 $18) 30. Qxc7 Qxf3 31. Qc2) 28... Rab8 29. Qc2 Rfc8 $36 {[%emt 0:00:04][%mdl 2048] ...Nb3 would now be deadly. White is under strong pressure.} 30. Qa4 {[%emt 0:02:39] [#] Loses the game.} (30. Rb1 $17) 30... exd4 $1 31. Bxa5 Bxa5+ 32. Qxa5 {[%emt 0:01:02] Threatens to win with Rd1.} d3 $1 33. Kf2 $2 (33. Bxd3 Qxa1+ 34. Kf2) 33... dxe2 (33... Rb2 $142 34. Ke3 dxe2 (34... Rxe2+ 35. Kxd3 Rf2 36. Rge1 $19)) 34. Rab1 Bf1 (34... Qd4+ $142 35. Kxe2 Bg4 36. fxg4 Qxe4+ 37. Kf2 Nf6 (37... Qxg4 $2 38. Rxb8 Rxb8 39. Rb1 $19)) 35. Qd2 (35. Rgxf1 $19 exf1=Q+ (35... exf1=R+ $2 36. Kxf1 Rxb1+ 37. Nxb1 $19) 36. Kxf1) 35... Rxb1 36. Nxb1 Qb6+ {[%emt 0:00:06] Weighted Error Value: White=0.99/Black=0.63.  Loses game:     	White=1     	---        Mistake:       	White=6     	Black=4      Inaccurate:     	White=4     	Black=3      OK:         	White=9     	Black=8      Best:        	White=1     	Black=1      Strong:       	---       	Black=4} 0-1

[Event "43rd Indian-chT 2023-24"]
[Site "Dharamsala"]
[Date "2024.04.04"]
[Round "9.5"]
[White "Shyaamnikhil P"]
[Black "Tiwari Shivansh"]
[Result "1/2-1/2"]
[ECO "B15"]
[WhiteElo "2405"]
[BlackElo "1973"]
[Annotator "TA"]
[PlyCount "55"]
[EventDate "2024.03.28"]
[EventType "team-tourn"]
[EventCountry "IND"]
[SourceTitle "playchess.com"]
[Source "ChessBase"]
[SourceQuality "1"]
[TimeControl "5400+30"]

1. e4 c6 2. d4 d5 3. Nc3 g6 4. Nf3 Bg7 5. h3 Nf6 6. e5 Ne4 7. Bd3 Nxc3 8. bxc3 c5 9. O-O c4 10. Be2 O-O 11. Bf4 Nc6 12. Qd2 Qa5 {[%emt 0:00:10] The position is equal.} 13. Bh6 f6 14. Bxg7 Kxg7 15. Rfe1 f5 16. a3 a6 17. Nh2 Na7 18. Reb1 Rb8 19. f4 Bd7 20. Nf1 (20. h4 $14) 20... e6 21. h4 h5 22. Ne3 Nb5 23. Nd1 Na7 24. Ne3 Nb5 25. Nd1 Na7 26. Ne3 Nb5 27. Nd1 Na7 28. Ne3 {[%emt 0:00:00] Not much happened in this game.   Weighted Error Value: White=0.08 (flawless) /Black=0.10 (very precise) .  Mistake:       	White=1     	---        Inaccurate:     	White=3     	Black=1      OK:         	White=5     	Black=5} 1/2-1/2

[Event "43rd Indian-chT 2023-24"]
[Site "Dharamsala"]
[Date "2024.04.04"]
[Round "9.6"]
[White "Choubey Saurabh"]
[Black "Vignesh N R"]
[Result "0-1"]
[ECO "A29"]
[WhiteElo "2022"]
[BlackElo "2525"]
[Annotator "TA"]
[PlyCount "80"]
[EventDate "2024.03.28"]
[EventType "team-tourn"]
[EventCountry "IND"]
[SourceTitle "playchess.com"]
[Source "ChessBase"]
[SourceQuality "1"]
[TimeControl "5400+30"]

1. c4 e5 2. g3 Nf6 3. Bg2 d5 4. cxd5 Nxd5 5. Nf3 Nc6 6. O-O Nf6 7. Nc3 h6 8. d3 Bc5 9. Nd2 (9. Na4 $14 Bd6 10. a3) 9... O-O $11 {[%emt 0:00:44] The position is equal.} 10. Nde4 Nxe4 11. Nxe4 Bb6 12. Nc3 Re8 13. Bd2 Nd4 14. Be3 c6 15. Na4 Bg4 16. Re1 Ba5 17. Nc3 Qd7 {[%emt 0:01:00] Black has more active pieces.} 18. a3 Rad8 19. b4 Bb6 20. Rc1 Qe6 21. Na4 Qa2 22. Bxd4 Bxd4 23. Nc5 Bxc5 24. bxc5 Qxa3 (24... e4 $142 25. Ra1 Qd5) 25. Qc2 Qa5 26. Ra1 Qc7 27. Rxa7 Ra8 28. Rea1 Rxa7 29. Rxa7 Be6 30. Qb2 Rb8 31. Qb4 Qd7 32. h4 Bg4 33. Qb2 Qd4 34. Qxd4 exd4 $14 {[%emt 0:00:02][%mdl 4096] Endgame. KRB-KRB} 35. Ra4 Rd8 36. e3 dxe3 $1 37. Rxg4 $4 {[%emt 0:00:21][%mdl 8192] Loses the game.} (37. fxe3 $14 {is the one way to stay ahead.} Be6 38. d4) 37... f5 $19 {[%emt 0:00:02] [#] Threatens to win with ...e2.} 38. fxe3 (38. Rg6 Kf7 39. fxe3 Kxg6 40. d4) 38... fxg4 {[%emt 0:00:45] Black is clearly winning.} 39. Be4 (39. d4 $142) 39... Re8 {[%emt 0:00:25][%cal Oe8e4] aiming for ...Rxe4!} 40. Kf2 Re5 {[%emt 0:01:19] Weighted Error Value: White=0.31/Black=0.09 (flawless) .  Loses game:     	White=1     	---        Mistake:       	White=3     	Black=1      Inaccurate:     	White=3     	Black=2      OK:         	White=11    	Black=13     Best:        	White=2     	Black=3      Strong:       	---       	Black=1} 0-1

[Event "43rd Indian-chT 2023-24"]
[Site "Dharamsala"]
[Date "2024.04.04"]
[Round "9.7"]
[White "Das, Sayantan"]
[Black "Devansh Singh"]
[Result "1-0"]
[ECO "C41"]
[WhiteElo "2502"]
[BlackElo "1815"]
[Annotator "TA"]
[PlyCount "93"]
[EventDate "2024.03.28"]
[EventType "team-tourn"]
[EventCountry "IND"]
[SourceTitle "playchess.com"]
[Source "ChessBase"]
[SourceQuality "1"]
[TimeControl "5400+30"]

1. e4 d6 2. d4 Nd7 3. Nc3 e5 4. Nf3 Ngf6 5. Bc4 h6 6. O-O Be7 7. Re1 c6 8. a4 O-O 9. h3 Qc7 10. a5 Rb8 11. Nh4 exd4 12. Qxd4 {[%emt 0:00:39][%cal Oc4a2] The position is equal.} Ne5 {[%emt 0:00:18] Strongly threatening ...c5.} 13. Be2 (13. Bb3 {is interesting.} Bxh3 14. f4 Nh5 15. fxe5 Bxh4 16. Re3) 13... Nh7 {[%emt 0:17:39][%cal Bf6h7,Bh7g5,Bg5e6,Be6c5][%mdl 32] Prevents f4} 14. Nf3 b5 15. axb6 axb6 16. Be3 Nxf3+ 17. Bxf3 Ng5 18. Bg4 Bf6 19. Qd3 Bxg4 20. hxg4 Ne6 21. Qd2 Nc5 22. Bd4 {[%emt 0:01:00] Bxf6 would now be deadly.} Bxd4 23. Qxd4 Rfe8 24. f3 Re6 (24... Ne6 $11 25. Qf2 Rbd8) 25. Ne2 {[%emt 0:08:02] White has more active pieces.} (25. b4 $16 Nd7 26. b5) 25... Rg6 (25... Re5 $11) 26. Rad1 $14 Rd8 27. Qf2 Ne6 28. c4 Rg5 $1 29. Nd4 Rc5 30. b3 b5 31. Rc1 bxc4 {[%emt 0:01:17] Threatens to win with ...Nxd4.} 32. bxc4 Rb8 33. Nf5 g6 (33... Rb4 $11 {remains equal.}) 34. Ne3 (34. Nxh6+ $16 Kg7 35. g5) 34... Nf4 35. Qd2 {[%emt 0:03:09][%cal Oe3f5] Prevents Nd3.} Rb3 {[%emt 0:03:00] [#]} (35... Kh7 $11) 36. Nf5 $1 $16 gxf5 37. exf5 ({Much weaker is} 37. Qxf4 $6 fxg4 38. Qxh6 Re5 $11) 37... d5 $2 {[%emt 0:01:24][%mdl 8192] This costs Black the game.} (37... Qb6 $16 38. Kh2 Qd8 (38... Nd3 39. Qxh6 Nxe1 40. Rxe1 Qb8 41. f6) 39. Qxf4 Qh4+ 40. Kg1 Qf6) 38. Re8+ $18 Kh7 39. Qd4 Ne2+ 40. Rxe2 Rxc4 41. Rxc4 {[%emt 0:00:48][%cal Oe2e8] Threatening mate with Re8!} dxc4 {[%emt 0:00:32][%mdl 4096] Endgame. [#] KQR-KQR} 42. Re8 $1 {[%emt 0:00:51][%csl Ge8][%cal Rd4h8] White mates.} ({Less strong is} 42. Qxc4 Rb8 43. Re1 Rd8 $14) 42... Rb1+ 43. Kf2 f6 44. Qxf6 Qb6+ 45. Kg3 Qc7+ 46. f4 Rb3+ 47. Kh4 {[%emt 0:00:05] Weighted Error Value: White=0.16 (very precise) /Black=0.36.  Loses game:     	---       	Black=1      Mistake:       	White=2     	Black=4      Inaccurate:     	White=4     	Black=2      OK:         	White=4     	Black=9      Best:        	White=1     	---        Strong:       	---       	Black=1      Brilliant:      	White=1     	---} 1-0

[Event "43rd Indian-chT 2023-24"]
[Site "Dharamsala"]
[Date "2024.04.04"]
[Round "9.8"]
[White "Mishra, Kamad"]
[Black "Swapnil, S. Dhopade"]
[Result "0-1"]
[ECO "D00"]
[WhiteElo "1812"]
[BlackElo "2454"]
[Annotator "RC"]
[PlyCount "58"]
[EventDate "2024.03.28"]
[EventType "team-tourn"]
[EventCountry "IND"]
[SourceTitle "playchess.com"]
[Source "ChessBase"]
[SourceQuality "1"]
[TimeControl "5400+30"]

1. d4 Nf6 2. Bg5 d5 3. e3 c5 4. Bxf6 gxf6 5. dxc5 Nc6 6. Nc3 e6 7. Qh5 Bxc5 8. O-O-O Qe7 9. Nge2 Bd7 10. Nf4 O-O-O 11. Bb5 Kb8 12. Rhe1 Bb4 13. Nfe2 Rc8 14. a3 Bxc3 15. Nxc3 Ne5 16. Bxd7 Qxd7 17. Qh4 f5 18. Qf4 Qc7 19. Re2 a6 20. Rd4 Rhg8 21. f3 f6 22. Qh4 Rg6 23. e4 fxe4 24. fxe4 Nc6 25. Rd3 d4 26. Nb1 e5 27. Rg3 Na5 28. b4 Rxg3 29. hxg3 d3 0-1